 Dungeon Crawl Stone Soup version 0.24.0-35-gdb84b6a5db (webtiles) character file.

Game seed: 14255630798023095674, levelgen mode: deterministic

43725 Flugslaktarn the Severer (level 13, 0/105 HPs)
             Began as a Minotaur Fighter on Nov 17, 2019.
             Was a High Priest of Makhleb.
             Slain by an 11-headed hydra (6 damage)
             ... on level 4 of the Lair of Beasts.
             The game lasted 00:10:42 (15146 turns).

Flugslaktarn the Severer (Minotaur Fighter)        Turns: 15146, Time: 00:10:42

Health: 0/105      AC: 24    Str: 25    XL:     13   Next: 92%
Magic:  16/16      EV:  8    Int:  5    God:    Makhleb [*****.]
Gold:   852        SH: 13    Dex: 14    Spells: 12/12 levels left

rFire    + . .     SeeInvis .   a - +1 war axe
rCold    . . .     Gourm    .   c - +0 shield
rNeg     . . .     Faith    .   z - +2 chain mail {rPois}
rPois    +         Spirit   .   (helmet unavailable)
rElec    .         Reflect  .   u - +0 cloak
rCorr    .         Harm     .   C - +2 pair of gloves
MR       .....                  P - +2 pair of boots
Stlth    ..........             U - amulet of Sif Muna's Delight {+Inv rF+ Regen+ Str-4}
HPRegen  0.67/turn              N - +6 ring of strength
MPRegen  0.15/turn              p - +3 ring of dexterity

@: no status effects
A: retaliatory headbutt, horns 3, icy blue scales 1, frail 1, weak 1
a: Minor Destruction, Lesser Servant of Makhleb, Major Destruction, Greater
Servant of Makhleb, Renounce Religion, Evoke Invisibility


You were on level 4 of the Lair of Beasts.
You worshipped Makhleb.
Makhleb was extremely pleased with you.
You were not hungry.

You visited 3 branches of the dungeon, and saw 16 of its levels.
You also visited: Gauntlet.

You collected 996 gold pieces.
You spent 144 gold pieces at shops.

Inventory:

Hand Weapons
 a - a +1 war axe (weapon)
 x - a +0 hand axe of chopping
   (You found it in a Gauntlet)
Armour
 c - a +0 shield (worn)
 f - a +2 plate armour of magic resistance
   (You took it off an orc warrior on level 11 of the Dungeon)
 u - a +0 cloak (worn)
   (You took it off Crazy Yiuf on level 2 of the Dungeon)
 z - a +2 chain mail of poison resistance (worn)
   (You took it off an orc warrior on level 11 of the Dungeon)
 C - a +2 pair of gloves (worn)
   (You found it on level 5 of the Dungeon)
 P - a +2 pair of boots (worn)
   (You found it on level 9 of the Dungeon)
Jewellery
 i - an uncursed ring of see invisible
   (You found it on level 6 of the Dungeon)
 l - an uncursed amulet of regeneration
   (You found it on level 9 of the Dungeon)
 n - an uncursed ring of positive energy
   (You found it on level 1 of the Lair of Beasts)
 p - a +3 ring of dexterity (right hand)
   (You found it on level 2 of the Dungeon)
 I - the ring "Woro Ymy" {rN+ Int+5}
   (You found it on level 8 of the Dungeon)

   [ring of positive energy]

   It affects your intelligence (+5).
   It protects you from negative energy.
 J - a +3 amulet of reflection
   (You found it on level 8 of the Dungeon)
 K - an uncursed ring of flight
   (You found it on level 10 of the Dungeon)
 N - a +6 ring of strength (left hand)
   (You found it on level 9 of the Dungeon)
 U - the amulet of Sif Muna's Delight (around neck) {+Inv rF+ Regen+ Str-4}
   (You found it in a Gauntlet)

   [amulet of regeneration]

   It affects your strength (-4).
   It protects you from fire.
   It lets you turn invisible.
   It increases your rate of regeneration.
Wands
 v - a wand of digging (6)
   (You took it off a kobold on level 3 of the Dungeon)
 E - a wand of acid (17)
   (You found it on level 2 of the Dungeon)
 L - a wand of iceblast (7)
   (You took it off Maurice on level 9 of the Dungeon)
 M - a wand of paralysis (3)
   (You took it off an orc on level 9 of the Dungeon)
 W - a wand of enslavement (9)
   (You found it on level 3 of the Lair of Beasts)
 X - a wand of clouds (3)
   (You found it in a Gauntlet)
Scrolls
 g - 5 scrolls of magic mapping
 k - 4 scrolls of enchant weapon
 t - 4 scrolls of teleportation
 w - 11 scrolls of remove curse
 y - 2 scrolls of fear
 A - a scroll of immolation
 B - 2 scrolls of fog
 D - 2 scrolls of enchant armour
 T - a scroll of vulnerability
Potions
 b - 2 potions of cancellation
 d - 4 potions of might
 h - 4 potions of haste
 j - 8 potions of heal wounds
 m - 2 potions of ambrosia
 o - 4 potions of flight
 q - 5 potions of curing
 s - 4 potions of agility
 G - a potion of berserk rage
 H - 2 potions of magic
 O - a potion of brilliance {unknown}
 Q - 2 potions of invisibility
 R - a potion of lignification {unknown}
Miscellaneous
 S - a phantom mirror
Comestibles
 e - 28 rations
 V - 4 chunks of flesh


   Skills:
 + Level 11.8 Fighting
 * Level 17.6 Axes
 + Level 11.8 Armour
 + Level 11.8 Shields
 - Level 6.0 Invocations
 + Level 2.3 Evocations


You had 12 spell levels left.
You didn't know any spells.
Your spell library was empty.

Dungeon Overview and Level Annotations

Branches:
Dungeon (11/15)            Temple (1/1) D:5            Lair (4/6) D:11
 Shoals (0/4) Lair:2       Spider (0/4) Lair:4      Gauntlet (visited)
    Orc: D:9-12

Altars:
Ashenzari
Cheibriados
Dithmenos
Elyvilon
Fedhas
Gozag
Hepliaklqana
Kikubaaqudgha
Makhleb
Nemelex Xobeh
Okawaru
Qazlal
Ru
Sif Muna
Trog
Uskayaw
Vehumet
Wu Jian
Xom
Yredelemnul
Zin
The Shining One
Beogh

Shops:
D:5 :   D:10 *

Annotations:
D:5 2 transporters, Lanoc's ghost, amateur TrMo
D:6 2 transporters, Menkaure


Innate Abilities, Weirdness & Mutations

You reflexively headbutt those who attack you in melee.
You have a pair of large horns on your head.
You are partially covered in icy blue scales. (AC +2)
You are frail. (-10% HP)
You are weak. (Str -2)


Message History

* * * LOW HITPOINT WARNING * * *
The 11-headed hydra bites you.
* * * LOW HITPOINT WARNING * * *
You block the 11-headed hydra's attack. x2
The 11-headed hydra bites you but does no damage.
The 11-headed hydra closely misses you. The 11-headed hydra bites you.
* * * LOW HITPOINT WARNING * * *
The 11-headed hydra bites you but does no damage. x2
Unknown command.
Evoke which item? (* to show all) (? for menu, Esc to quit)
Okay, then.
Unknown command.
As you read the scroll of fear, it crumbles to dust.
You assume a fearsome visage.
The 11-headed hydra resists with some effort.
The 11-headed hydra bites you but does no damage. x2
The 11-headed hydra bites you.
* * * LOW HITPOINT WARNING * * *
You block the 11-headed hydra's attack. x4; The 11-headed hydra bites you.
You die...

#..* *,,,,,,,,,,,,**,,*,,* #.#*
**#*#*,,,,...##...,,,*,** ** #.#
*.#..*,*,,)........,,,,****,
#.#*##...,,,***....)....,,,,,,,*,
.?##..#.#,*** *#..#.....,,,,,,,,,
........#** #..P....%,,,*,,**,
..P.######## ###.....>=≈≈≈,,*****
#.##..####.###..D#.≈...≈≈≈,,,**,,
................@†≈≈≈≈≈≈≈≈≈,,,,,,
.####.#./.######.≈≈≈≈≈≈≈≈≈≈,,**,*
#.#.#........!#...≈≈≈≈≈≈≈≈,,***,*
..................≈≈≈≈≈≈≈,,*,*,,,
.####..........###.≈≈≈≈≈,,,**,,,,
** #.....###### *#.....,,****,,*
#.....# *,....#,,* ***,* ###
#....## **...##*,***,,,,
P.###.#.## **.#.,,,,,,,,,,


You could see a 11-headed hydra.

Vanquished Creatures
  A minotaur (Gauntlet)
  A hydra (Lair:3)
  A two-headed ogre (D:8)
  A tengu warrior (Gauntlet)
  A hell hog (Gauntlet)
  A sixfirhy (Gauntlet)
  Pikel (D:5)
  2 ugly things
  A manticore (D:11)
  3 elephants (Lair:3)
  Joseph (D:8)
  2 black mambas (Lair:3)
  Maurice (D:9)
  A merfolk siren (Lair:2)
  3 spiny frogs
  A gargoyle (D:11)
  2 komodo dragons
  A tengu conjurer (Gauntlet)
  2 trolls
  A queen bee (D:11)
  8 blink frogs (Lair:2)
  Sigmund (D:2)
  6 hippogriffs
  A spriggan (D:7)
  3 wyverns
  4 basilisks
  2 fire bats (Gauntlet)
  23 yaks
  Grum (D:8)
  2 steam dragons (D:11)
  Edmund (D:4)
  A hungry ghost (D:7)
  2 wargs (D:11)
  3 porcupines
  8 water moccasins
  A hell hound (Gauntlet)
  Duvessa (D:4)
  An ice beast (D:11)
  17 orc warriors
  3 slaves (D:5)
  A black bear (D:9)
  A necrophage (D:8)
  4 sky beasts
  A hornet zombie (D:10)
  A phantom (D:10)
  5 centaurs
  10 ogres
  18 wolves
  3 crocodiles
  Blork the orc (D:5)
  A big kobold (D:11)
  4 bullfrogs
  A gnoll sergeant (D:10)
  Dowan (D:4)
  A wyvern skeleton (D:11)
  A scorpion (D:9)
  35 killer bees
  6 wights (D:10)
  5 howler monkeys
  2 bullfrog zombies
  6 crimson imps
  8 hounds
  4 jellies
  Crazy Yiuf (D:2)
  5 orc priests
  2 bullfrog skeletons
  A centaur skeleton (D:8)
  4 iguanas
  12 orc wizards
  7 worker ants
  A killer bee zombie (D:6)
  A hound skeleton (D:7)
  A hound zombie (D:10)
  3 worker ant zombies
  15 adders
  10 gnolls
  3 shadow imps
  An ooze (D:3)
  3 ufetubi (Gauntlet)
  3 worms
  3 dart slugs
  4 leopard geckos
  48 orcs
  4 ball pythons
  8 bats
  7 giant cockroaches
  9 hobgoblins
  6 jackals
  15 kobolds
  3 quokkas
  5 frilled lizards
  5 goblins
  A leopard gecko skeleton (D:5)
  A quokka zombie (D:9)
  12 rats
  A demonic plant (Gauntlet)
  A fungus (Lair:1)
443 creatures vanquished.

Vanquished Creatures (collateral kills)
  2 hydras
2 creatures vanquished.

Vanquished Creatures (others)
  An unseen horror (D:9)
  A centaur (D:9)
  An adder (D:9)
  A quokka (D:9)
  A fungus (Lair:2)
5 creatures vanquished.

Grand Total: 450 creatures vanquished

Notes
Turn   | Place    | Note
-------+----------+-------------------------------------------
     0 | D:1      | Flugslaktarn the Minotaur Fighter began the quest for the
                  | Orb.
     0 | D:1      | Reached XP level 1. HP: 19/19 MP: 0/0
   146 | D:1      | Reached XP level 2. HP: 27/27 MP: 1/1
   265 | D:1      | Reached skill level 3 in Axes
   820 | D:1      | Reached XP level 3. HP: 33/33 MP: 2/2
  1075 | D:2      | Reached XP level 4. HP: 22/40 MP: 3/3
  1432 | D:2      | You fall into a shaft and drop 1 floor!
  1441 | D:3      | Reached skill level 4 in Axes
  1903 | D:3      | Reached XP level 5. HP: 23/47 MP: 4/4
  2094 | D:2      | Noticed Sigmund
  2122 | D:2      | Killed Sigmund
  2122 | D:2      | Reached skill level 5 in Axes
  2122 | D:2      | Reached XP level 6. HP: 15/55 MP: 5/5
  2440 | D:2      | Found a runed translucent door.
  2441 | D:2      | Noticed Crazy Yiuf
  2543 | D:2      | Killed Crazy Yiuf
  2543 | D:2      | Reached skill level 5 in Armour
  2543 | D:2      | Reached skill level 5 in Shields
  2777 | D:3      | Found a radiant altar of Vehumet.
  2855 | D:3      | Reached skill level 5 in Fighting
  3443 | D:4      | Reached skill level 6 in Axes
  3574 | D:4      | Reached XP level 7. HP: 59/61 MP: 6/6
  3866 | D:4      | Noticed Edmund
  3876 | D:4      | Killed Edmund
  3936 | D:4      | Found a blossoming altar of Fedhas.
  3936 | D:4      | Found a shattered altar of Ashenzari.
  3936 | D:4      | Found an iron altar of Okawaru.
  3936 | D:4      | Found a stormy altar of Qazlal.
  3948 | D:4      | Noticed Duvessa
  3948 | D:4      | Noticed Dowan
  3952 | D:4      | Killed Duvessa
  3952 | D:4      | Reached skill level 7 in Axes
  3957 | D:4      | Killed Dowan
  4162 | D:4      | Reached XP level 8. HP: 70/70 MP: 7/7
  4397 | D:4      | Noticed a moth of wrath
  4399 | D:4      | Found a bloodstained altar of Trog.
  4462 | D:5      | Entered Level 5 of the Dungeon
  4599 | D:5      | Found Ylid's Book Shoppe.
  4714 | D:5      | Found a hide-covered altar of Uskayaw.
  4761 | D:5      | Noticed Pikel
  4781 | D:5      | Killed Pikel
  4781 | D:5      | Reached skill level 8 in Axes
  4963 | D:5      | Found a transporter.
  4966 | D:5      | Noticed Lanoc's ghost (amateur TrMo)
  5018 | D:5      | Found a transporter.
  5130 | D:5      | Reached skill level 9 in Axes
  5286 | D:5      | Found a staircase to the Ecumenical Temple.
  5381 | D:5      | Noticed Blork the orc
  5388 | D:5      | Killed Blork the orc
  5477 | Temple   | Entered the Ecumenical Temple
  5519 | Temple   | Became a worshipper of Makhleb the Destroyer
  5809 | D:6      | Found a transporter.
  5816 | D:6      | Noticed Menkaure
  5829 | D:6      | Found a basalt altar of Yredelemnul.
  5884 | D:6      | Found an ancient bone altar of Kikubaaqudgha.
  5885 | D:6      | Found a transporter.
  5890 | D:6      | Reached XP level 9. HP: 79/79 MP: 8/8
  6126 | D:6      | Reached skill level 1 in Invocations
  6302 | D:6      | Found a shimmering altar of Xom.
  6450 | D:7      | Found a white marble altar of Elyvilon.
  6572 | D:7      | Reached * piety under Makhleb
  6639 | D:7      | Reached skill level 10 in Axes
  6742 | D:7      | Found an opulent altar of Gozag.
  6802 | D:7      | Found an iron altar of Okawaru.
  7317 | D:8      | Noticed Grum
  7344 | D:8      | Killed Grum
  7426 | D:8      | Noticed a two-headed ogre
  7434 | D:8      | Killed a two-headed ogre
  7434 | D:8      | Reached skill level 11 in Axes
  7434 | D:8      | Reached XP level 10. HP: 80/90 MP: 11/11
  7643 | D:8      | Got a faintly glowing lapis lazuli ring
  7746 | D:8      | Found a stormy altar of Qazlal.
  7857 | D:8      | Reached ** piety under Makhleb
  8341 | D:8      | Identified the ring "Woro Ymy" {rN+ Int+5} (You found it on
                  | level 8 of the Dungeon)
  8521 | D:8      | Found a shimmering altar of Xom.
  8524 | D:8      | Noticed Joseph
  8543 | D:8      | Killed Joseph
  8684 | D:9      | Noticed an unseen horror
  8685 | D:9      | Noticed Maurice
  8706 | D:9      | Killed an unseen horror
  8708 | D:9      | Killed Maurice
  8895 | D:9      | Reached skill level 12 in Axes
  9121 | D:9      | Reached XP level 11. HP: 66/97 MP: 13/13
  9157 | D:9      | Reached *** piety under Makhleb
  9297 | D:9      | Reached skill level 5 in Invocations
  9613 | D:9      | Found a shimmering blue altar of Sif Muna.
  9775 | D:10     | Entered Level 10 of the Dungeon
  9964 | D:10     | Noticed a white ugly thing
  9979 | D:10     | Killed a white ugly thing
 10647 | D:10     | Found Doemp's General Store.
 10651 | D:10     | Bought a potion of mutation for 96 gold pieces
 10651 | D:10     | Bought a scroll of identify for 24 gold pieces
 10651 | D:10     | Bought a scroll of identify for 24 gold pieces
 10834 | D:11     | Found a roughly hewn altar of Beogh.
 10839 | D:11     | Reached **** piety under Makhleb
 10846 | D:11     | Reached skill level 10 in Armour
 10887 | D:10     | Reached skill level 13 in Axes
 11087 | D:11     | Reached skill level 10 in Shields
 11095 | D:11     | Reached skill level 10 in Fighting
 11167 | D:11     | Noticed a green ugly thing
 11181 | D:11     | Killed a green ugly thing
 11457 | D:11     | Reached ***** piety under Makhleb
 11671 | D:11     | Noticed a seven-headed hydra
 12114 | D:11     | Reached XP level 12. HP: 107/107 MP: 15/15
 12212 | D:11     | Found a staircase to the Lair.
 12224 | D:11     | Reached skill level 14 in Axes
 12574 | Lair:1   | Entered Level 1 of the Lair of Beasts
 12718 | Lair:1   | Reached skill level 16 in Axes
 12718 | Lair:1   | Reached XP level 13. HP: 114/114 MP: 16/16
 13017 | Lair:1   | Gained mutation: You have sharp toenails. [potion of
                  | mutation]
 13017 | Lair:1   | Gained mutation: You are agile. (Dex +2) [potion of
                  | mutation]
 13187 | Lair:2   | Lost mutation: You have sharp toenails. [potion of
                  | mutation]
 13187 | Lair:2   | Lost mutation: You are agile. (Dex +2) [potion of mutation]
 13187 | Lair:2   | Gained mutation: You are frail. (-10% HP) [potion of
                  | mutation]
 13187 | Lair:2   | Gained mutation: You have a pair of large horns on your
                  | head. [potion of mutation]
 13187 | Lair:2   | Gained mutation: You are weak. (Str -2) [potion of
                  | mutation]
 13187 | Lair:2   | Gained mutation: You are partially covered in icy blue
                  | scales. (AC +2) [potion of mutation]
 13359 | Lair:2   | Found a staircase to the Shoals.
 13827 | Lair:3   | Reached skill level 17 in Axes
 14222 | Lair:3   | Reached skill level 1 in Evocations
 14653 | Lair:4   | Found a gate leading to a gauntlet.
 14667 | Gauntlet | Entered a Gauntlet
 14667 | Gauntlet | Found a transporter.
 14675 | Gauntlet | Found a transporter.
 14676 | Gauntlet | Found a transporter.
 14687 | Gauntlet | Found a transporter.
 14692 | Gauntlet | Found a transporter.
 14699 | Gauntlet | Found a transporter.
 14710 | Gauntlet | Found a runed translucent door.
 14712 | Gauntlet | Found a transporter.
 14714 | Gauntlet | Found a runed translucent door.
 14722 | Gauntlet | Found a transporter.
 14732 | Gauntlet | Found a transporter.
 14746 | Gauntlet | Found a transporter.
 14760 | Gauntlet | Found a transporter.
 14760 | Gauntlet | Found a transporter.
 14814 | Gauntlet | Found a transporter.
 14814 | Gauntlet | Found a transporter.
 15007 | Gauntlet | Got an ancient diamond amulet
 15016 | Gauntlet | Identified the amulet of Sif Muna's Delight {+Inv rF+
                  | Regen+ Str-4} (You found it in a Gauntlet)
 15027 | Gauntlet | Noticed a minotaur
 15043 | Gauntlet | Killed a minotaur
 15146 | Lair:4   | Slain by an 11-headed hydra

Levels and vault maps discovered:
D:1:      elethiomel_arrival_infinity_welcomes_careful_drivers,
          layout_loops_ring
D:2:      layout_basic, uniq_sigmund, uniq_crazy_yiuf_cottage
D:3:      minmay_chambers_of_twos, layout_loops_ring, overflow_temple_1_default,
          first_ration
D:4:      layout_loops_ring, chequers_temple_overflow_statue_of_worship,
          tgw_trog, uniq_edmund, uniq_duvessa
D:5:      layout_layer_cave, eat_drink_and_be_merry_uskayaw,
          minmay_temple_entry_fiery, gammafunk_ghost_stat_death, serial_shops,
          nicolae_shop_statue_plus, hangedman_decor_points, uniq_blork_the_orc,
          uniq_pikel
D:6:      layout_rooms, gammafunk_temple_of_torment, tgw_xom
D:7:      layout_loops_ring, elyvilon_altar_5, nicolae_gozag_seed_capital,
          the_bakery, okawaru_ov_weapons_minmay
D:8:      layout_basic, serial_curves, eino_curves_03, eino_curves_01,
          basic_altar, st_stairs_8, grunt_qazlal_clouds, uniq_joseph, uniq_grum
D:9:      layout_cave_pools, lemuel_blue_sif_altar, uniq_maurice
D:10:     layout_basic, serial_shops, shop
D:11:     layout_roguey [special_room_orc], erik_lair_orcish_takeover,
          special_room [special_room_bee], corexii_corridor_pit
Temple:   eino_temple_lava
Lair:1:   layout_misc_corridors
Lair:2:   layout_long_grid, minmay_shoals_entry_lonely_mermaid, st_stairs_12
Lair:3:   beast_lair_carwin_large_1, layout_regular_city
Lair:4:   layout_loops_ring, nicolae_spider_entry_orb_guardian,
          gauntlet_entry_generic, infiniplex_staircase_pool,
          minmay_lair_oklob_chamber

Skill      XL: |  1  2  3  4  5  6  7  8  9 10 11 12 13 |
---------------+----------------------------------------+-----
Axes           | 3 4 5 6 7 9 11 12 13 16 17 | 17.6
Armour         | 4 5 6 7 8 9 10 11 | 11.8
Shields        | 4 5 6 7 8 9 10 11 | 11.8
Fighting       | 4 5 6 7 8 9 10 11 | 11.8
Invocations    | 3 4 6 |  6.0
Evocations     | 2 |  2.3

Action                   |  1- 3 |  4- 6 |  7- 9 | 10-12 | 13-15 || total
-------------------------+-------+-------+-------+-------+-------++-------
Melee: War axe           |    68 |   151 |   267 |   644 |   298 ||  1428
       Headbutt          |     7 |    23 |    66 |   153 |    66 ||   315
Invok: Lesser Servant of |       |       |       |       |     6 ||     6
Evoke: Wand              |       |       |       |       |     4 ||     4
  Use: Scroll            |       |       |       |    21 |     7 ||    28
       Potion            |       |       |       |     1 |     2 ||     3
  Eat: Chunk             |     1 |     4 |    15 |    15 |     5 ||    40
       Ration            |       |     1 |       |     1 |     1 ||     3
Armor: Scale mail        |    22 |    54 |       |       |       ||    76
       Chain mail        |       |     2 |   115 |    92 |   189 ||   398
       Plate armour      |       |       |       |   187 |       ||   187
Dodge: Dodged            |    20 |    37 |    49 |   141 |    93 ||   340
Block: Shield            |    40 |    89 |   142 |   541 |   221 ||  1033
       Reflection        |       |       |       |     4 |       ||     4
